 Dungeon Crawl Stone Soup version 0.25.0-1-g7eea58d2a3 (webtiles) character file.

Game seed: 8612197695748912598

1244 EWolf27 the Covert (level 8, 0/52 HPs)
             Began as a Vampire Necromancer on June 14, 2020.
             Was an Initiate of Kikubaaqudgha.
             Killed by nerve-wracking pain
             ... invoked by a shadow imp
              (4 damage)
             ... on level 5 of the Dungeon.
             The game lasted 00:45:21 (6556 turns).

EWolf27 the Covert (Vampire Necromancer)            Turns: 6556, Time: 00:45:22

Health: 0/52       AC:  3    Str:  8    XL:     8   Next: 25%
Magic:  10/13      EV: 12    Int: 19    God:    Kikubaaqudgha [......]
Gold:   310        SH:  0    Dex: 14    Spells: 5/13 levels left

rFire    . . .     SeeInvis +   a - +2 dagger (elec)
rCold    . . .     Gourm    .   (no shield)
rNeg     . . .     Faith    .   l - +0 leather armour
rPois    .         Spirit   .   (no helmet)
rElec    .         Reflect  .   (no cloak)
rCorr    .         Harm     .   (no gloves)
MR       .....                  (no boots)
Stlth    ++++......             (no amulet)
HPRegen  0.37/turn              (no ring)
MPRegen  0.13/turn              (no ring)

@: regenerating quickly
A: no food, fangs 3, see invisible, unbreathing
a: Exsanguinate, Renounce Religion


You were on level 5 of the Dungeon.
You worshipped Kikubaaqudgha.
Kikubaaqudgha was noncommittal.
You were alive.

You visited 2 branches of the dungeon, and saw 7 of its levels.

You collected 310 gold pieces.

Inventory:

Hand Weapons
 a - a +2 dagger of electrocution (weapon)
Missiles
 k - 9 poisoned darts (quivered)
Armour
 l - a +0 leather armour (worn)
Wands
 d - a wand of polymorph (8)
Scrolls
 e - a scroll of identify
 f - a scroll of magic mapping
 g - a scroll of amnesia {unknown}
 h - 2 scrolls of remove curse {unknown}
 i - a scroll of immolation {unknown}
 j - 3 scrolls of teleportation {unknown}
 p - a scroll of fog {unknown}
Potions
 b - 2 potions of degeneration {unknown}
 c - 4 potions of flight
 m - 2 potions of lignification
 n - 2 potions of curing
 o - a potion of berserk rage {unknown}
 q - a potion of heal wounds {unknown}


   Skills:
 + Level 4.8 Short Blades
 - Level 2.1 Dodging
 + Level 9.5 Stealth
 - Level 3.4 Spellcasting
 + Level 7.7 Necromancy


You had 5 spell levels left.
You knew the following spells:

 Your Spells              Type           Power        Failure   Level  Hunger
a - Pain                  Necr           ####         1%          1    N/A
b - Vampiric Draining     Necr           ####......   2%          3    N/A
c - Animate Dead          Necr           N/A          9%          4    N/A

Your spell library contained the following spells:

 Spells                   Type           Power        Failure   Level  Hunger
 Animate Skeleton         Necr           N/A          1%          1    N/A
 Agony                    Necr           ####....     24%         5    N/A

Dungeon Overview and Level Annotations

Branches:
Dungeon (6/15)             Temple (1/1) D:5

Altars:
Ashenzari
Cheibriados
Dithmenos
Elyvilon
Fedhas
Gozag
Kikubaaqudgha
Nemelex Xobeh
Okawaru
Sif Muna
Trog
Uskayaw
Wu Jian
Yredelemnul
Zin
The Shining One

Annotations:
D:3 2 runed translucent doors, Crazy Yiuf


Innate Abilities, Weirdness & Mutations

You do not eat.
Your natural rate of healing is unusually fast.
You have razor-sharp teeth.
You have supernaturally acute eyesight. (SInv)
You can survive without breathing.


Message History

Confirm with . or Enter, or press ? or * to list all spells.
Aiming: Vampiric Draining (dangerous; 2% risk of failure)
Press: ? - help, Shift-Dir - straight line, f - bullfrog
Aim: a bullfrog The bullfrog is severely wounded.
You feel life coursing into your body! The bullfrog hits you.
* * * LOW HITPOINT WARNING * * *
The shadow imp gestures at you.
You struggle to resist.
The bullfrog hits you.
* * * LOW HITPOINT WARNING * * *
The shadow imp hits you.
* * * LOW HITPOINT WARNING * * *
The bullfrog hits you.
* * * LOW HITPOINT WARNING * * *
The bullfrog hits you.
* * * LOW HITPOINT WARNING * * *
The shadow imp gestures at you. Pain shoots through your body!
You die...
Kikubaaqudgha rasps: "You have failed me!
Welcome... death!"

#................##.#
#................##.#
#.......(#######..#.# #........#
##.#[# ## .........# #...# ##8
.........# ##..###########.>
.#################..............8
.# #####.......##5.........#####
## #...........@.F>........#
#.###.......##..........# #.#
#.......##..........# #.#
#.......##..........# #####.#
#.......##..........# ....#.#
##########..........# ###.#.###
#..........# #......#
############ #......#


You could see a bullfrog and a shadow imp.

Vanquished Creatures
  Sigmund (D:2)
  A phantom (D:5)
  An ice beast (D:5)
  A centaur (D:6)
  A bullfrog (D:5)
  2 crimson imps (D:5)
  A centaur zombie (D:5)
  2 hounds
  A jelly (D:5)
  3 orc wizards
  3 orc priests
  A bullfrog skeleton (D:5)
  2 iguanas
  2 worker ants
  A hound zombie (D:3)
  2 worker ant zombies
  4 gnolls
  8 adders
  3 adder skeletons
  3 dart slugs
  2 worms
  2 leopard geckos
  18 orcs
  A ball python (D:5)
  8 giant cockroaches
  6 goblins
  11 hobgoblins
  9 jackals
  3 kobolds
  2 quokkas
  5 bats
  4 frilled lizards
  7 rats
  2 fungi (D:3)
123 creatures vanquished.

Vanquished Creatures (others)
  4 toadstools (D:1)
4 creatures vanquished.

Grand Total: 127 creatures vanquished

Notes
Turn   | Place    | Note
-------+----------+-------------------------------------------
     0 | D:1      | EWolf27 the Vampire Necromancer began the quest for the
                  | Orb.
     0 | D:1      | Reached XP level 1. HP: 13/13 MP: 3/3
   510 | D:1      | Reached XP level 2. HP: 19/19 MP: 3/5
   969 | D:2      | Reached skill level 5 in Necromancy
  1182 | D:2      | Reached XP level 3. HP: 24/24 MP: 6/6
  1327 | D:2      | Noticed Sigmund
  1686 | D:2      | Reached skill level 4 in Stealth
  1831 | D:2      | Reached XP level 4. HP: 29/30 MP: 4/7
  1874 | D:2      | Killed Sigmund
  1874 | D:2      | Reached skill level 6 in Stealth
  1874 | D:2      | Reached XP level 5. HP: 24/35 MP: 1/9
  1879 | D:2      | Learned a level 3 spell: Vampiric Draining
  1884 | D:2      | Learned a level 4 spell: Animate Dead
  2698 | D:3      | Reached XP level 6. HP: 32/41 MP: 3/11
  2700 | D:3      | Found a runed translucent door.
  2869 | D:3      | Reached skill level 1 in Short Blades
  2926 | D:3      | Found a glowing golden altar of the Shining One.
  2926 | D:3      | Noticed an angel
  3343 | D:3      | Found a runed translucent door.
  3344 | D:3      | Noticed Crazy Yiuf
  3508 | D:4      | Reached skill level 7 in Stealth
  3809 | D:4      | Reached XP level 7. HP: 23/41 MP: 9/12
  3881 | D:4      | Found an ornate altar of the Wu Jian Council.
  3928 | D:4      | Found a shadowy altar of Dithmenos.
  3976 | D:4      | Found a glowing golden altar of the Shining One.
  4125 | D:4      | Found a shattered altar of Ashenzari.
  4125 | D:4      | Found a snail-covered altar of Cheibriados.
  4136 | D:4      | Found a blossoming altar of Fedhas.
  4663 | D:5      | Entered Level 5 of the Dungeon
  4826 | D:5      | Reached skill level 8 in Stealth
  5213 | D:5      | Found a staircase to the Ecumenical Temple.
  5225 | Temple   | Entered the Ecumenical Temple
  5334 | Temple   | Became a worshipper of Kikubaaqudgha
  5528 | D:5      | Found a white marble altar of Elyvilon.
  5805 | D:5      | Reached XP level 8. HP: 12/52 MP: 8/13
  5843 | D:5      | Reached skill level 9 in Stealth
  6556 | D:5      | Killed from afar by a shadow imp

Illustrated notes

Levels and vault maps discovered:
D:1:      ldierk_water_garden, layout_loops_ring, minmay_pentomino_u2
D:2:      layout_basic, first_ration, uniq_sigmund
D:3:      layout_basic, serial_undead, serial_undead_f, serial_undead_c,
          serial_undead_f, serial_undead_f, lemuel_angel_altar,
          uniq_crazy_yiuf_cottage
D:4:      layout_rooms, lemuel_coloured_pillars_altar,
          gammafunk_temple_overflow_wave, lemuel_crystal_altar,
          overflow_temple_1_default, fedhas_altar_1
D:5:      layout_basic, elyvilon_altar_5, temple_statues
D:6:      layout_rooms, serial_shops, shop, makhleb_altar_promises_db
Temple:   dpeg_chambers_temple

Skill      XL: |  1  2  3  4  5  6  7  8 |
---------------+-------------------------+-----
Necromancy     | 5 6 7 |  7.7
Stealth        | 4 6 7 8 9 |  9.5
Spellcasting   | 3 |  3.4
Short Blades   | 2 4 |  4.8
Dodging        | |  2.1

Action                   |  1- 3 |  4- 6 |  7- 9 || total
-------------------------+-------+-------+-------++-------
Melee: Unarmed           |    10 |       |       ||    10
       Dagger            |    42 |    96 |   178 ||   316
       Bite              |     3 |     7 |    14 ||    24
Throw: Dart              |       |       |     1 ||     1
 Cast: Pain              |    56 |    36 |    29 ||   121
       Vampiric Draining |       |       |     5 ||     5
       Animate Dead      |       |       |     1 ||     1
 Abil: Exsanguinate      |       |     1 |       ||     1
       Revivify          |       |     1 |       ||     1
  Use: Scroll            |       |       |     7 ||     7
 Stab: Sleeping          |     5 |     9 |     3 ||    17
Armor: Robe              |    11 |     6 |       ||    17
       Leather armour    |       |    14 |    37 ||    51
Dodge: Dodged            |    60 |    73 |   128 ||   261
